Map: Ascension to Aiur LE

Players

Botvinnik - Winner!

  • Race: Terran Terran
  • Spawn Location: 11:00

NightEnD

  • Race: Protoss Protoss
  • Spawn Location: 5:00

Event: WCS Valencia 2017

VOD

Have the link to the VOD?

Description

Time

  • Played on: July 13, 2017, 10:41 a.m.
  • Length: 15:08

All games in this series

Show
View Real Time Build Order
Export as new Build Order

Botvinnik Terran - Winner!

Build Orders: MMM Bio, Banshee Rush 

Get SALT Encoding   

  12  0:00  SCV  
  13  0:12  SCV  
  14  0:17  Supply Depot  
  14  0:25  SCV  
  15  0:38  SCV  
  15  0:41  Barracks  
  16  0:44  Refinery  
  16  0:50  SCV  
  17  1:02  SCV  
  18  1:15  SCV  
  19  1:28  Marine, Orbital Command  
  20  1:41  Command Center  
  20  1:48  Supply Depot  
  20  1:54  SCV  
  21  2:01  Factory  
  21  2:05  Barracks Reactor  
  21  2:08  SCV  
  21  2:14  Refinery  
  22  2:20  SCV  
  23  2:32  SCV  
  24  2:41  Marine  
  24  2:42  Marine  
  26  2:45  Starport  
  26  2:47  SCV, Factory Tech Lab  
  27  2:53  Orbital Command  
  27  2:59  Marine x2  
  29  3:06  SCV  
  29  3:10  Widow Mine  
  31  3:21  Marine x2  
  31  3:22  SCV x2  
  31  3:27  Supply Depot  
  35  3:29  Banshee, Cloaking Field  
  38  3:34  SCV x2  
  38  3:39  Marine  
  38  3:40  Marine, Widow Mine  
  44  3:48  SCV x2  
  46  3:52  Supply Depot  
  46  3:57  Marine x2  
  46  4:00  SCV x2  
  50  4:12  SCV x2  
  50  4:13  Banshee  
  55  4:18  Barracks x2  
  55  4:20  Supply Depot  
  55  4:23  Marine x2  
  57  4:27  SCV x2  
  59  4:32  Factory Reactor  
  59  4:33  Factory Tech Lab  
  59  4:38  Engineering Bay  
  59  4:39  SCV x2  
  59  4:42  Refinery  
  59  4:44  Marine x2  
  61  4:51  SCV  
  59  4:57  Siege Tank  
  59  5:01  SCV  
  59  5:03  SCV  
  59  5:08  Banshee  
  59  5:13  SCV  
  59  5:15  SCV  
  59  5:26  SCV  
  59  5:27  SCV  
  61  5:35  Marine  
  61  5:36  Marine  
  61  5:39  SCV x2  
  65  5:45  Supply Depot x2  
  65  5:46  Factory Reactor  
  65  5:51  SCV  
  65  5:52  SCV  
  65  5:54  Stimpack  
  67  6:06  SCV x2  
  67  6:07  Marauder  
  67  6:11  Terran Infantry Weapons Level 1  
  71  6:14  Marine x3, Refinery  
  74  6:19  Command Center  
  74  6:22  SCV x2  
  76  6:34  SCV x2  
  76  6:35  Factory Reactor  
  76  6:36  Marine  
  76  6:37  Marauder x2, Marine  
  84  6:43  Bunker  
  84  6:44  Medivac  
  84  6:45  Supply Depot  
  84  6:46  Supply Depot  
  85  6:54  Marine  
  86  7:04  Marine  
  86  7:07  Marauder, Medivac  
  86  7:08  Marauder  
  87  7:12  Marine  
  75  7:19  Supply Depot  
  75  7:21  Viking  
  75  7:22  Marine, SCV x2  
  80  7:28  Marauder  
  82  7:34  SCV x2  
  84  7:41  Orbital Command  
  84  7:46  SCV x2  
  87  7:58  SCV x2  
  87  8:03  Marauder, Marine x2  
  87  8:04  Marauder  
  94  8:06  SCV  
  94  8:10  SCV x2, Barracks  
  94  8:11  Barracks  
  97  8:13  Medivac  
  97  8:14  Medivac  
  97  8:16  Orbital Command  
  102  8:23  SCV x2  
  102  8:24  Marine x2  
  102  8:25  Marauder  
  102  8:26  Marauder  
  109  8:35  Supply Depot  
  109  8:36  Supply Depot  
  109  8:44  Marine x2  
  109  8:45  Terran Infantry Armor Level 1  
  109  8:46  Marauder  
  109  8:47  Marauder  
  109  8:49  SCV x3  
  112  9:02  Barracks Reactor  
  112  9:03  Widow Mine x2  
  112  9:04  Barracks Tech Lab, Medivac x2  
  112  9:05  Supply Depot  
  112  9:06  SCV x3  
  123  9:18  SCV x3  
  123  9:19  Combat Shields  
  123  9:20  Concussive Shells  
  123  9:22  Marine x2  
  123  9:23  Marauder x2  
  132  9:27  Marauder, Refinery x2  
  132  9:30  SCV x3  
  137  9:42  SCV x2  
  137  9:44  Marauder  
  137  9:46  SCV  
  137  9:48  Marauder, Marine x2  
  139  9:54  SCV  
  140  10:01  Supply Depot x2  
  140  10:02  Armory  
  140  10:03  Engineering Bay  
  140  10:04  Starport  
  140  10:06  Fusion Core  
  138  10:25  Liberator x2  
  138  10:38  Marauder x3, Marine x4  
  154  10:44  Starport Tech Lab  
  154  10:48  Widow Mine x2  
  156  10:58  Liberator  
  155  11:05  Marauder  
  157  11:13  Marine, Supply Depot x2, Advanced Ballistics  
  157  11:15  Marine x3  
  157  11:16  Marauder  
  157  11:17  Liberator x2  
  165  11:28  Supply Depot  
  165  11:30  Command Center  
  165  11:34  Marauder  
  165  11:39  Marauder x2, Marine x3  
  180  11:40  Marine, Terran Infantry Weapons Level 2  
  180  11:41  Liberator  
  180  11:42  Terran Infantry Armor Level 2  
  179  12:00  Liberator  
  173  12:10  Marauder x3, Marine x2  
  172  12:18  Marine x2  
  175  12:23  Barracks, Supply Depot  
  175  12:24  Barracks x2  
  173  12:31  Marauder x2  
  173  12:32  Marauder, Marine x2  
  173  12:36  Marine x2  
  147  12:53  Marauder x2  
  147  12:56  Ghost Academy  
  119  12:58  Marine x2  
  119  12:59  Marauder  
  119  13:02  Marine x2  
  117  13:14  Marauder x2  
  117  13:16  Marine  
  117  13:18  Marine x3  
  117  13:19  Marine  
  126  13:20  Marauder, Marine  
  129  13:29  Medivac x3  
  135  13:37  Barracks Reactor, Barracks Tech Lab x2  
  135  13:38  Marauder  
  137  13:42  Marine x3  
  137  13:47  Marauder, Marine  
  143  14:00  Missile Turret  
  143  14:01  Planetary Fortress  
  143  14:02  Missile Turret  
  142  14:05  Marauder  
  147  14:13  Ghost  
  147  14:15  Ghost  
  150  14:17  Ghost  
  150  14:24  Ghost  
  150  14:25  Marine x3  
  150  14:27  Marine  
  150  14:29  Marine x2  
Show
View Real Time Build Order
Export as new Build Order

NightEnD Protoss 

Build Orders: 1 Gate Expand, Mass Adepts 

Get SALT Encoding   

  12  0:01  Probe (Chrono Boost)  
  13  0:11  Probe (Chrono Boost)  
  14  0:19  Pylon  
  14  0:22  Probe (Chrono Boost)  
  15  0:38  Probe (Chrono Boost), Gateway  
  16  0:45  Assimilator  
  16  0:48  Probe (Chrono Boost)  
  17  0:59  Probe (Chrono Boost)  
  18  1:09  Probe (Chrono Boost)  
  19  1:20  Probe (Chrono Boost)  
  20  1:26  Nexus  
  20  1:36  Cybernetics Core  
  20  1:37  Probe (Chrono Boost)  
  21  1:41  Assimilator  
  21  1:48  Probe (Chrono Boost)  
  21  1:53  Pylon  
  21  1:58  Probe (Chrono Boost)  
  22  2:13  Warp Gate (Chrono Boost)  
  22  2:14  Adept (Chrono Boost)  
  24  2:20  Robotics Facility  
  24  2:23  Probe (Chrono Boost)  
  25  2:35  Probe (Chrono Boost)  
  26  2:38  Probe (Chrono Boost)  
  26  2:41  Adept  
  29  2:45  Probe (Chrono Boost)  
  29  2:49  Probe (Chrono Boost)  
  31  2:56  Probe (Chrono Boost)  
  32  2:59  Probe (Chrono Boost)  
  33  3:06  Probe (Chrono Boost), Warp Prism  
  33  3:10  Probe (Chrono Boost)  
  37  3:20  Gateway  
  37  3:22  Gateway  
  35  3:29  Gateway  
  35  3:30  Mothership Core (Chrono Boost)  
  37  3:37  Adept  
  40  3:41  Probe  
  40  3:43  Observer  
  40  3:48  Pylon  
  41  3:50  Probe  
  42  3:56  Probe  
  42  4:00  Probe  
  42  4:01  Pylon  
  44  4:18  Adept x3  
  44  4:19  Probe  
  44  4:21  Probe  
  44  4:22  Twilight Council  
  52  4:24  Adept  
  52  4:30  Probe  
  52  4:31  Pylon  
  54  4:33  Probe  
  56  4:47  Adept x3  
  56  4:56  Observer, Stalker x2  
  48  5:10  Probe  
  48  5:12  Probe, Resonating Glaives (Chrono Boost)  
  50  5:20  Warp Prism (Chrono Boost)  
  46  5:22  Adept x3  
  46  5:23  Adept  
  56  5:30  Gateway  
  56  5:36  Gateway  
  56  5:45  Adept x4  
  56  5:48  Pylon  
  64  5:53  Observer  
  65  6:11  Adept  
  65  6:12  Adept x3  
  65  6:15  Pylon  
  73  6:37  Adept  
  73  6:38  Adept x5  
  85  6:52  Nexus  
  79  6:58  Adept x3  
  85  7:06  Adept x2  
  71  7:21  Probe x2  
  71  7:22  Blink (Chrono Boost)  
  73  7:32  Observer  
  73  7:33  Probe x2 (Chrono Boost)  
  76  7:40  Assimilator  
  77  7:44  Probe (Chrono Boost)  
  77  7:45  Probe (Chrono Boost)  
  77  7:47  Assimilator  
  77  7:50  Forge x2  
  78  7:54  Pylon, Probe (Chrono Boost)  
  78  7:56  Probe (Chrono Boost), Pylon  
  76  7:59  Pylon  
  76  8:01  Stalker x4  
  76  8:05  Probe (Chrono Boost)  
  83  8:06  Probe (Chrono Boost)  
  83  8:09  Probe (Chrono Boost)  
  85  8:15  Probe (Chrono Boost)  
  85  8:17  Protoss Ground Armor Level 1  
  85  8:18  Stalker x2, Protoss Ground Weapons Level 1  
  89  8:37  Probe x2  
  88  8:47  Probe  
  89  8:48  Pylon  
  89  8:49  Probe  
  89  8:50  Adept x2  
  89  8:51  Adept x4  
  102  9:10  Charge (Chrono Boost)  
  102  9:12  Zealot x2  
  102  9:13  Zealot x4  
  114  9:20  Pylon  
  114  9:24  Pylon  
  114  9:25  Pylon  
  112  9:38  Zealot x2  
  114  9:39  Zealot x4  
  109  9:59  Immortal (Chrono Boost)  
  113  10:02  Adept x2  
  113  10:03  Adept x4  
  125  10:11  Protoss Ground Armor Level 2 (Chrono Boost)  
  125  10:14  Protoss Ground Weapons Level 2 (Chrono Boost)  
  121  10:26  Templar Archives  
  113  10:28  Assimilator x2  
  113  10:32  Immortal (Chrono Boost)  
  117  10:39  Probe x2  
  119  10:44  Probe  
  120  10:51  Probe  
  120  10:53  Zealot x2  
  120  10:54  Zealot x4  
  121  11:05  Psionic Storm  
  121  11:08  Immortal  
  122  11:19  High Templar x3  
  122  11:22  Zealot, High Templar  
  122  11:23  Zealot  
  134  11:33  Pylon  
  134  11:36  Photon Cannon  
  134  11:38  Photon Cannon  
  132  11:40  Photon Cannon  
  132  11:43  High Templar x2  
  136  11:50  Immortal  
  138  12:00  Zealot x3, High Templar  
  130  12:16  Zealot  
  130  12:17  Zealot  
  130  12:26  Zealot x2  
  130  12:27  Zealot  
  132  12:36  Stalker  
  127  12:39  Stalker x2  
  123  12:49  Stalker  
  117  13:05  Nexus  
  113  13:19  Pylon  
  113  13:21  Pylon  
  113  13:26  Pylon  
  113  13:38  High Templar  
  113  13:39  High Templar x4  
  125  13:45  High Templar  
  125  14:12  High Templar x3  
  125  14:14  High Templar  
  125  14:16  Archon  
  131  14:23  Stalker  
  131  14:30  Stalker  
  132  14:37  Archon  
  131  14:45  Stalker x2  
  135  14:49  Stalker x2  
  130  15:00  Archon x3  
Tags
 
Add a new tag
Caveats
  • Supply blocks, unpowered buildings, or Contaminate may cause inaccurate times.
  • Supply counts are checked every 10 seconds.